 Dungeon Crawl Stone Soup version 0.31-a0-1002-g8e65716e6e (webtiles) character file.

Game seed: 16922138561598478380

12040 BinkBink the Blocker (level 11, -8/101 HPs)
             Began as a Minotaur Fighter on Nov 9, 2023.
             Was a Priest of Qazlal.
             Mangled by a troll (shapeshifter) (10 damage)
             ... on level 9 of the Dungeon.
             The game lasted 00:11:28 (10474 turns).

BinkBink the Blocker (Minotaur Fighter)            Turns: 10474, Time: 00:11:29

Health: -8/101     AC: 13    Str: 32    XL:     11   Next: 57%
Magic:  15/15      EV:  9    Int:  5    God:    Qazlal [***...]
Gold:   378        SH: 10    Dex:  9    Spells: 10/10 levels left

rFire   . . .        r - +6 flail (holy)
rCold   . . .        c - +0 buckler
rNeg    + . .        k - +2 chain mail {rN+}
rPois   .            q - +0 hat
rElec   .            (no cloak)
rCorr   .            (no gloves)
SInv    +            (no boots)
Will    .....        (no amulet) Stlth
                     e - ring of see invisible
HPRegen 0.36/turn    f - +6 ring of strength
MPRegen 0.14/turn

%: no passive effects
@: about to teleport
A: horns 2, retaliatory headbutt
a: Renounce Religion, Upheaval, Elemental Force


You were on level 9 of the Dungeon.
You worshipped Qazlal.
Qazlal was most pleased with you.
You visited 1 branch of the dungeon, and saw 9 of its levels.

You collected 475 gold pieces.
You spent 97 gold pieces at shops.

Inventory:

Hand Weapons
 m - a +1 flail of protection
 r - a +6 flail of holy wrath (weapon)
Missiles
 a - 2 throwing nets
Armour
 c - a +0 buckler (worn)
 k - a +2 chain mail of positive energy (worn)
 q - a +0 hat (worn)
Jewellery
 e - a ring of see invisible (left hand)
 f - a +6 ring of strength (right hand)
 o - a ring of poison resistance
 p - a ring of willpower
 F - an amulet of magic regeneration
Wands
 w - a wand of mindburst (15)
 D - a wand of paralysis (10)
Scrolls
 b - 4 scrolls of teleportation
 h - a scroll of torment
 s - 2 scrolls of immolation
 t - a scroll of fear
 v - a scroll of fog {unknown}
 y - 2 scrolls of enchant armour
 B - 3 scrolls of poison
 C - a scroll of revelation
Potions
 d - 2 potions of might
 g - 4 potions of heal wounds {unknown}
 i - 2 potions of magic {unknown}
 j - a potion of ambrosia {unknown}
 n - 4 potions of haste {unknown}
 u - 2 potions of resistance {unknown}
 x - a potion of mutation {unknown}
 z - 2 potions of curing {unknown}
 A - a potion of lignification {unknown}
 E - a potion of enlightenment {unknown}


   Skills:
 + Level 10.8 Fighting
 + Level 10.4 Maces & Flails
 + Level 10.8 Armour
 + Level 10.8 Shields
 + Level 7.8 Invocations


You had 10 spell levels left.
You didn't know any spells.
Your spell library contained the following spells:

 Spells                   Type           Power      Damage    Failure   Level
 Shock                    Conj/Air       0%         1d3       87%         1
 Summon Small Mammal      Summ           0%         N/A       87%         1
 Call Canine Familiar     Summ           0%         N/A       99%         3
 Ignite Poison            Fire/Tmut/Pois 0%         N/A       99%         3
 Summon Guardian Golem    Hex/Summ       0%         N/A       99%         3
 Swiftness                Air            0%         N/A       99%         3
 Tukima's Dance           Hex            0%         N/A       99%         3
 Airstrike                Air            0%         2d(0-16)  100%        4
 Dimensional Bullseye     Hex/Tloc       0%         N/A       100%        4
 Iskenderun's Mystic Bla  Conj/Tloc      0%         2d3       100%        4
 Sticky Flame             Conj/Fire      0%         2d3       100%        4
 Ignition                 Fire           0%         3d3       100%        8


Dungeon Overview and Level Annotations

Branches:
Dungeon (9/15)             Temple (0/1) D:5
   Lair: D:8-11         Orc: D:9-12

Altars:
Dithmenos
Fedhas
Gozag
Qazlal
Uskayaw
Wu Jian

Shops:
D:1 *=   D:4 *

Annotations:
D:8 1 transporter, kskgo's ghost, novice FoBe


Innate Abilities, Weirdness & Mutations

You have a pair of horns on your head.
You reflexively headbutt those who attack you in melee.


Message History

You barely miss the orc wizard.
The orc wizard is heavily wounded.
The meliai calls down the wrath of its god upon you.
Something smites you! The orc wizard barely misses you.
The meliai calls down the wrath of its god upon you.
Something smites you!
You completely miss the orc wizard.
The orc wizard is heavily wounded.
The orc wizard hits you but does no damage.
Unknown command.
You thump the orc wizard!
You kill the orc wizard!
Qazlal accepts your kill.
The meliai calls down the wrath of its god upon you.
Something smites you!
Unknown command.
You are too injured to fight recklessly!
You are too injured to fight recklessly!
You bludgeon the blink frog!! Your headbutt misses the blink frog.
The blink frog is severely wounded.
The blink frog changes into a shapeshifter!
The meliai invokes the aid of its god against you.
Something smites you!
* * * LOW HITPOINT WARNING * * *
The meliai calls down the wrath of its god upon you.
Something smites you!
* * * LOW HITPOINT WARNING * * *
As you read the scroll of teleportation, it crumbles to dust.
You feel strangely unstable.
The shapeshifter changes into a troll!
You thump the troll!
The troll is moderately wounded.
The brown ugly thing kicks you but does no damage.
You bludgeon the troll!! Your headbutt misses the troll.
The troll is almost dead.
The brown ugly thing kicks you!
* * * LOW HITPOINT WARNING * * *
You are splashed with acid!
* * * LOW HITPOINT WARNING * * *
The troll bites you!
You die...

#.#..#####..##...#....###.# #.
##.'######).###.#...#....#.# #.
#..###.##..## #...#....###.# #.
#..'...#..## #.#....### #.# #.
#..###...## #....#### #.# #.
##....###....###..###### #(#####
....#...###..#.'#######[ #...#
###.......###..######)}. #...#
#######...###T@uolyy# #...##
#...#######o.: #....## #######
#....######. #......
#.....###.##...##### #...#..
#####......##.##.#...### #....).
...#.......((.#..##....####....#.
..)......###.##.###.#.........##.
###...#### #.##...............##.
. ##### ##.(.....##.##########.


You could see a brown ugly thing, a troll shaped shifter, a basilisk, a vampire
mosquito, a meliai and 2 orcs.

Vanquished Creatures
  2 centaur warriors (D:9)
  3 two-headed ogres
  An ugly thing (D:9)
  Pikel (D:7)
  Joseph (D:7)
  A gargoyle (D:8)
  3 kobold demonologists (D:9)
  4 trolls
  2 hornets (D:9)
  A meliai (D:9)
  A yak (D:9)
  A wyvern (D:9)
  A steam dragon (D:9)
  Edmund (D:4)
  3 water moccasins
  5 orc warriors
  3 black bears
  3 sky beasts
  An ice beast (D:7)
  2 ogres
  2 centaurs
  2 phantoms
  5 kobold brigands
  2 gnoll sergeants (D:9)
  4 bullfrogs
  A scorpion (D:6)
  9 wights
  6 killer bees
  5 howler monkeys
  5 jellies
  8 hounds
  5 orc priests
  2 iguanas
  3 sleepcaps
  Jessica (D:2)
  12 orc wizards
  8 gnolls
  8 adders
  2 white imps
  2 ufetubi (D:7)
  A worm (D:2)
  5 dart slugs
  31 orcs
  6 endoplasms
  4 giant cockroaches
  6 goblins
  6 hobgoblins
  A quokka (D:3)
  4 ball pythons
  A bat (D:2)
  5 frilled lizards
  13 kobolds
  2 rats
  A butterfly (D:5)
218 creatures vanquished.

Notes
Turn   | Place    | Note
-------+----------+-------------------------------------------
     0 | D:1      | BinkBink the Minotaur Fighter began the quest for the Orb.
     0 | D:1      | Reached XP level 1. HP: 19/19 MP: 0/0
   123 | D:1      | Found Voxued's One-of-a-Kind Rings.
   282 | D:1      | Found Cuetith's General Store.
   333 | D:1      | Reached XP level 2. HP: 27/27 MP: 1/1
   604 | D:2      | Noticed Jessica
   617 | D:2      | Killed Jessica
   618 | D:2      | Reached XP level 3. HP: 22/33 MP: 2/2
  1103 | D:2      | Reached XP level 4. HP: 39/40 MP: 3/3
  2038 | D:3      | Found a hide-covered altar of Uskayaw.
  2040 | D:3      | Found a shadowy altar of Dithmenos.
  2043 | D:3      | Found an ornate altar of the Wu Jian Council.
  2045 | D:3      | Found an opulent altar of Gozag.
  2046 | D:3      | Found a stormy altar of Qazlal.
  2296 | D:3      | Reached XP level 5. HP: 47/47 MP: 4/4
  2354 | D:3      | Noticed a black bear
  2365 | D:3      | Killed a black bear
  2366 | D:3      | Reached skill level 5 in Fighting
  2366 | D:3      | Reached skill level 5 in Armour
  2366 | D:3      | Reached skill level 5 in Shields
  2455 | D:3      | Reached XP level 6. HP: 56/56 MP: 5/5
  2632 | D:3      | Became a worshipper of Qazlal Stormbringer
  3055 | D:4      | Noticed Edmund
  3069 | D:4      | Killed Edmund
  3070 | D:4      | Reached skill level 1 in Invocations
  3254 | D:4      | Reached XP level 7. HP: 51/61 MP: 7/7
  3377 | D:4      | Found Goonin's General Store.
  3392 | D:4      | Reached skill level 5 in Maces & Flails
  3590 | D:5      | Entered Level 5 of the Dungeon
  3708 | D:5      | Reached * piety under Qazlal
  3711 | D:5      | Found a staircase to the Ecumenical Temple.
  3817 | D:5      | Found a blossoming altar of Fedhas.
  4077 | D:5      | Reached XP level 8. HP: 63/71 MP: 9/9
  5248 | D:6      | Reached XP level 9. HP: 76/79 MP: 11/11
  5468 | D:7      | Noticed Pikel
  5475 | D:7      | Killed Pikel
  5540 | D:7      | Reached ** piety under Qazlal
  5639 | D:7      | Noticed Joseph
  5656 | D:7      | Killed Joseph
  5657 | D:7      | Reached skill level 5 in Invocations
  6682 | D:8      | Found a transporter.
  6682 | D:8      | Noticed kskgo's ghost (novice FoBe)
  6684 | D:8      | Identified the +5 giant club of the Warrior-Mage {flame,
                  | *Corrode Dex+4}
  6684 | D:8      | Noticed a two-headed ogre
  6804 | D:8      | Reached XP level 10. HP: 83/88 MP: 13/13
  7095 | D:8      | Noticed a two-headed ogre
  7106 | D:8      | Killed a two-headed ogre
  7473 | D:8      | Noticed a gargoyle
  7487 | D:8      | Killed a gargoyle
  8207 | D:9      | Reached *** piety under Qazlal
  8523 | D:9      | Noticed a two-headed ogre
  8534 | D:9      | Killed a two-headed ogre
  8768 | D:9      | Noticed a two-headed ogre
  8777 | D:9      | Killed a two-headed ogre
  8924 | D:9      | Reached skill level 10 in Armour
  8924 | D:9      | Reached skill level 10 in Shields
  8946 | D:9      | Reached skill level 10 in Fighting
  8981 | D:9      | Reached XP level 11. HP: 38/98 MP: 15/15
  9597 | D:1      | Bought a scroll of enchant weapon for 97 gold pieces
  9846 | D:9      | Noticed a centaur warrior
  9852 | D:9      | Killed a centaur warrior
  9853 | D:9      | Reached skill level 10 in Maces & Flails
  9853 | D:9      | Noticed a purple ugly thing
  9870 | D:9      | Killed a purple ugly thing
  9870 | D:9      | Noticed a centaur warrior
  9873 | D:9      | Killed a centaur warrior
 10455 | D:9      | Identified the +1 quarterstaff of Ymomoab {freeze, rF+ rN+
                  | Int+5 Dex-3}
 10456 | D:9      | Identified the +6 arbalest "Odiw" {elec, SInv Stlth+}
 10456 | D:9      | Identified the +8 flail "Nehomm" {venom, Stlth+}
 10457 | D:9      | Noticed a brown ugly thing
 10474 | D:9      | HP: 2/101 [acid (8)]
 10474 | D:9      | Mangled by a troll (shapeshifter)

Illustrated notes

Levels and vault maps discovered:
D:1:      spicycebolla_arrival_ecumenical, layout_basic, serial_shops,
          nicolae_shop_crystal, nrook_uturn, nicolae_shop_unique_rings
D:2:      wad_lake_hut, layout_loops_corners, uniq_jessica
D:3:      layout_rooms, grunt_temple_overflow_open, serial_curves,
          eino_curves_03, eino_curves_03, hangedman_decor_push
D:4:      layout_basic, serial_shops, nicolae_shop_behind_doors, uniq_edmund
D:5:      layout_cave_pods, fedhas_altar_2, minmay_temple_entry_butterflies,
          corexii_corridor_pit, dk_vineyard_1
D:6:      kennysheep_six_static_rooms, layout_basic
D:7:      layout_basic, minmay_misc_feat_diagonals,
          kennysheep_decorative_pillar, uniq_joseph, uniq_pikel
D:8:      minmay_chambers_of_fours, layout_rooms, gammafunk_ghost_smash
D:9:      minmay_the_grid_triangle_9x9_rhombus_thin
          [minmay_the_grid_triangle_9x9_negative_grid,
          minmay_the_grid_triangle_9x9_prize_insulated,
          minmay_the_grid_triangle_9x9_pentomino_pain,
          minmay_the_grid_triangle_9x9_semitri], layout_rooms,
          kennysheep_cross_bottleneck, minmay_pinched_square

Skill      XL: |  1  2  3  4  5  6  7  8  9 10 11 |
---------------+----------------------------------+-----
Fighting       | 4 5 6 7 8 10 | 10.8
Maces & Flails | 3 4 5 6 8 9 10 | 10.4
Armour         | 4 5 6 7 8 10 | 10.8
Shields        | 4 5 6 7 8 10 | 10.8
Invocations    | 1 2 4 5 6 7 |  7.8

Action                     |  1- 3 |  4- 6 |  7- 9 | 10-12 || total
---------------------------+-------+-------+-------+-------++-------
  Melee: Flail             |    76 |   136 |   208 |   312 ||   732
         Headbutt          |     3 |    22 |    45 |    56 ||   126
    Use: Scroll            |       |       |       |    15 ||    15
         Potion            |       |       |       |     1 ||     1
 Armour: Scale mail        |    39 |       |       |       ||    39
         Chain mail        |       |   145 |   177 |   228 ||   550
  Dodge: Dodged            |    27 |    61 |    79 |    81 ||   248
  Block: Buckler           |    17 |    39 |    52 |   141 ||   249

Table legend: (Time is in decaauts)
 A = Elapsed time spent in this place.
 B = Non-inter-level travel time spent in this place.
 C = Inter-level travel time spent in this place.
 D = Time resting spent in this place.
 E = Time spent auto-exploring this place.
 F = Levels seen in this place.
 G = Mean time per level.
                   A        B        C        D        E       F      G
               +--------+--------+--------+--------+--------+-----+--------+
         Total |  10594 |  10066 |    528 |   1588 |   6900 |   9 | 1177.1 |
       Dungeon |  10594 |  10066 |    528 |   1588 |   6900 |   9 | 1177.1 |
               +--------+--------+--------+--------+--------+-----+--------+

Top non-repeatable levels by time:
     D:9: 2250 daAuts
     D:2: 1535 daAuts
     D:8: 1395 daAuts
     D:7: 1289 daAuts
     D:5: 911 daAuts
     D:6: 883 daAuts
     D:3: 863 daAuts
     D:4: 767 daAuts
     D:1: 696 daAuts
